Map: Deathaura LE

Players

A.I. 1 (Elite)

  • Race: Terran Terran
  • Spawn Location: 11:00

Furis - Winner!

  • Race: Protoss Protoss
  • Spawn Location: 5:00

VOD

Have the link to the VOD?

Description

Time

  • Played on: March 24, 2021, 2:38 a.m.
  • Length: 5:20
Show
View Real Time Build Order
Export as new Build Order

A.I. 1 (Elite) Terran 

Build Orders: Command Center First (CC) 

Get SALT Encoding   

  12  0:00  SCV  
  13  0:13  SCV  
  14  0:19  Supply Depot  
  14  0:25  SCV  
  15  0:40  SCV  
  16  0:52  SCV  
  17  1:00  Command Center  
  17  1:05  SCV  
  17  1:10  Refinery  
  18  1:17  SCV  
  19  1:27  Barracks  
  19  1:29  SCV  
  20  1:41  SCV  
  20  1:42  Supply Depot  
  21  1:53  Refinery, SCV  
  22  2:05  SCV  
  23  2:15  Factory  
  23  2:23  Orbital Command  
  23  2:33  Orbital Command  
  23  2:49  SCV  
  24  3:00  Starport  
  24  3:01  SCV  
  24  3:03  Starport, SCV  
  26  3:13  SCV  
  26  3:15  SCV  
  26  3:17  Engineering Bay  
  28  3:23  Marine  
  28  3:25  SCV  
  29  3:31  Hellion  
  28  3:40  Marine  
  21  3:52  Hellion  
  21  3:54  SCV  
  19  3:58  Marine  
  14  4:02  SCV  
  14  4:09  SCV  
  9  4:15  SCV  
  9  4:16  Marine  
  10  4:23  SCV  
  8  4:30  SCV  
  9  4:36  SCV  
  5  4:50  SCV  
  5  4:52  SCV  
Show
View Real Time Build Order
Export as new Build Order

Furis Protoss - Winner!

Build Orders: Proxy Void Ray 

Get SALT Encoding   

  12  0:08  Pylon  
  12  0:13  Probe  
  13  0:27  Gateway  
  13  0:30  Probe (Chrono Boost)  
  14  0:42  Probe (Chrono Boost)  
  15  0:46  Assimilator  
  15  0:47  Probe (Chrono Boost)  
  16  0:51  Assimilator  
  16  0:58  Probe  
  17  1:10  Probe  
  18  1:15  Cybernetics Core  
  18  1:22  Probe  
  18  1:24  Pylon  
  19  1:34  Probe  
  20  1:46  Probe  
  21  1:52  Stargate  
  21  1:56  Adept (Chrono Boost)  
  21  1:58  Probe  
  24  2:10  Pylon, Probe  
  25  2:24  Adept  
  25  2:27  Void Ray (Chrono Boost)  
  31  2:54  Void Ray (Chrono Boost)  
  35  3:16  Pylon  
  35  3:35  Void Ray, Shield Battery  
  35  3:36  Shield Battery  
  35  3:38  Shield Battery  
  35  3:42  Shield Battery  
  39  4:12  Void Ray  
  39  4:15  Shield Battery x2  
  39  4:18  Fleet Beacon  
  43  4:45  Pylon  
  43  5:02  Forge  
  43  5:04  Pylon  
  48  5:07  Pylon  
Tags
 
Add a new tag
Caveats
  • Supply blocks, unpowered buildings, or Contaminate may cause inaccurate times.
  • Supply counts are checked every 10 seconds.